 Dungeon Crawl Stone Soup version 0.29.0-4-gdea44cf6ec (webtiles) character file.

Game seed: 4554853379727997158

1817 qw the Cleaver (level 9, 0/54 HPs)
             Began as a Tengu Warper on Aug 28, 2022.
             Was a Follower of Okawaru.
             Succumbed to a killer bee's poison
             ... on level 7 of the Dungeon.
             The game lasted 00:00:40 (6855 turns).

qw the Cleaver (Tengu Warper)                       Turns: 6855, Time: 00:00:40

Health: 0/54       AC:  7    Str: 15    XL:     9   Next: 10%
Magic:  11/13      EV: 12    Int: 13    God:    Okawaru [*.....]
Gold:   319        SH:  0    Dex: 15    Spells: 12/12 levels left

rFire   . . .      SeeInvis +   Y - +1 war axe
rCold   . . .      Faith    .   (no shield)
rNeg    . . .      Spirit   .   f - +0 scale mail
rPois   .          Reflect  .   (helmet restricted)
rElec   .          Harm     .   (no cloak)
rCorr   .          Rampage  .   m - +0 pair of gloves
Will    .....                   (boots unavailable)
Stlth   ..........              (no amulet)
HPRegen 0.18/turn               c - ring of see invisible
MPRegen 0.13/turn               (no ring)

@: lethally poisoned (0 -> -17), flying quickly and evasively, quick
A: beak, talons 3, nimble flight
a: Renounce Religion, Heroism


You were on level 7 of the Dungeon.
You worshipped Okawaru.
Okawaru was aware of your devotion.
You visited 2 branches of the dungeon, and saw 9 of its levels.

You collected 319 gold pieces.


Innate Abilities, Weirdness & Mutations

You have a beak for a mouth.
You have claws for feet.
Your magical nature lets you fly swiftly and evasively.


   Skills:
 - Level 5.6 Fighting
 + Level 10.6 Axes
 - Level 1.0 Throwing
 - Level 3.0 Armour
 - Level 3.2 Dodging
 - Level 2.0 Spellcasting
 - Level 2.4 Translocations
 + Level 0.5 Invocations


You had 12 spell levels left.
You didn't know any spells.
Your spell library contained the following spells:

 Spells                   Type           Power      Damage    Failure   Level
 Blink                    Tloc           14%        N/A       50%         2
 Gell's Gravitas          Tloc           7%         N/A       73%         3
 Lesser Beckoning         Tloc           7%         N/A       73%         3
 Teleport Other           Tloc           7%         N/A       73%         3
 Manifold Assault         Tloc           7%         N/A       100%        5

Inventory:

Hand Weapons
 g - a +0 flail
 Y - a +1 war axe (weapon)
Armour
 f - a +0 scale mail (worn)
 m - a +0 pair of gloves (worn)
Jewellery
 c - a ring of see invisible (left hand)
Scrolls
 b - a scroll of identify
Potions
 a - a potion of resistance
 d - 2 potions of curing
 e - a potion of might
 h - a potion of magic
 l - a potion of haste

Dungeon Overview and Level Annotations

Branches:
Dungeon (8/15)             Temple (1/1) D:4
   Lair: D:8-11

Altars:
Ashenzari
Elyvilon
Fedhas
Gozag
Hepliaklqana
Kikubaaqudgha
Makhleb
Nemelex Xobeh
Okawaru
Qazlal
Ru
Sif Muna
Trog
Uskayaw
Vehumet
Wu Jian
Yredelemnul
Zin
The Shining One


Message History

The killer bee stings you!
You are lethally poisoned!
The killer bee poisons you!
You slash the killer bee!
You kill the killer bee!
Okawaru accepts your kill.
You hit the killer bee. x2; You slash the bullfrog!
You feel very sick. The killer bee completely misses you.
The killer bee barely misses you. The bullfrog hits you.
You have reached level 9!
Your experience leads to an increase in your attributes!
Increase (S)trength, (I)ntelligence, or (D)exterity?
You feel stronger. x2
You hit the killer bee. Your kick misses the killer bee.
Your peck misses the killer bee.
The killer bee is almost dead.
You slash the bullfrog!
You kill the bullfrog!
Okawaru accepts your kill.
You can now gain great but temporary skills.
You slash the killer bee!
You kill the killer bee!
Okawaru accepts your kill.
You feel very sick. The killer bee closely misses you.
The killer bee stings you.
You are more poisoned.
The killer bee poisons you!
You barely miss the killer bee. Your peck misses the killer bee.
The killer bee is almost dead.
You feel very sick. The killer bee completely misses you.
You slice the killer bee!!
You kill the killer bee!
Okawaru accepts your kill.
You feel very sick.
You barely miss the necrophage.
You claw the necrophage, but do no damage.
You feel like a meek peon again.
You die...

#.# #) #.# #. #.# #.
#######.###.
..........>% .##+#####
#######.##..
........####### #.....
......%%......# ####..
......n@.####.########..
#..!####)# #.......#...
#. #.# #####.#....# #.#
............ ..#
#########... ..# #...
#.# #... .# #... #...


You could see a necrophage.

Vanquished Creatures
  A cyclops (D:8)
  Sigmund (D:2)
  2 black bears
  3 ogres
  A necrophage (D:7)
  2 bullfrogs (D:7)
  A scorpion (D:7)
  5 killer bees (D:7)
  A jelly (D:5)
  An orc priest (D:3)
  A hound (D:4)
  2 orc wizards
  Robin (D:2)
  3 gnolls (D:4)
  6 adders
  A shadow imp (D:5)
  A worm (D:3)
  5 dart slugs (D:1)
  9 orcs
  11 ball pythons
  6 bats
  15 endoplasms
  2 giant cockroaches
  19 goblins
  12 hobgoblins
  2 jackals (D:1)
  4 kobolds
  6 quokkas
  4 frilled lizards
  9 rats
137 creatures vanquished.

Notes
Turn   | Place    | Note
-------+----------+-------------------------------------------
     0 | D:1      | qw the Tengu Warper began the quest for the Orb.
     0 | D:1      | Reached XP level 1. HP: 12/12 MP: 4/4
     0 | D:1      | 0 ||| qw: Version: 0.1-a-89-g26bdef1
     0 | D:1      | 0 ||| qw: Game counter: 485
     0 | D:1      | 0 ||| qw: Always use a shield: true
     0 | D:1      | 0 ||| qw: God list: Okawaru
     0 | D:1      | 0 ||| qw: Allow faded altars: false
     0 | D:1      | 0 ||| qw: Do Orc after D:15 true
     0 | D:1      | 0 ||| qw: Do second Lair branch before Depths: true
     0 | D:1      | 0 ||| qw: Lair rune preference: random
     0 | D:1      | 0 ||| qw: Plans: Normal
     0 | D:1      | 0 ||| PLANNING D:1-11
    50 | D:1      | Reached XP level 2. HP: 17/17 MP: 6/6
    70 | D:1      | Reached skill level 3 in Axes
   399 | D:1      | 399 ||| Stepping ~*~*~tactically~*~*~ (stealth).
   501 | D:1      | 501 ||| Stepping ~*~*~tactically~*~*~ (hiding).
   511 | D:1      | Reached XP level 3. HP: 17/21 MP: 7/7
   566 | D:1      | 566 ||| Stepping ~*~*~tactically~*~*~ (hiding).
   668 | D:1      | 668 ||| Stepping ~*~*~tactically~*~*~ (hiding).
   804 | D:1      | Reached skill level 4 in Axes
   843 | D:1      | 843 ||| Stepping ~*~*~tactically~*~*~ (stealth).
   847 | D:1      | 847 ||| Stepping ~*~*~tactically~*~*~ (stealth).
   849 | D:1      | 849 ||| Stepping ~*~*~tactically~*~*~ (stealth).
   850 | D:1      | 850 ||| Stepping ~*~*~tactically~*~*~ (stealth).
   851 | D:1      | 851 ||| Stepping ~*~*~tactically~*~*~ (stealth).
  1152 | D:1      | 1152 ||| UPGRADING to +0 scale mail.
  1162 | D:1      | 1162 ||| DROPPING +0 leather armour.
  1163 | D:1      | 1163 ||| UPGRADING to +0 pair of gloves.
  1168 | D:1      | 1168 ||| READING scroll labelled OZXYHI IHEBRA.
  1169 | D:1      | 1169 ||| READING 2 scrolls labelled YMIDUI YKAUS.
  1297 | D:1      | 1297 ||| READING scroll labelled XIOS YMUUW.
  1298 | D:1      | 1298 ||| READING 2 scrolls labelled POFUHA ZITORA.
  1299 | D:1      | 1299 ||| DROPPING scroll of blinking.
  1300 | D:1      | 1300 ||| DROPPING scroll of torment.
  1301 | D:1      | 1301 ||| DROPPING scroll of vulnerability.
  1446 | D:2      | Noticed Sigmund
  1452 | D:2      | Killed Sigmund
  1453 | D:2      | Reached skill level 6 in Axes
  1453 | D:2      | Reached XP level 4. HP: 13/26 MP: 8/8
  1453 | D:2      | Gained mutation: Your magical nature lets you fly swiftly
                  | and evasively. [Tengu growth]
  1453 | D:2      | Reached XP level 5. HP: 15/30 MP: 9/9
  1952 | D:2      | 1952 ||| Stepping ~*~*~tactically~*~*~ (hiding).
  1955 | D:2      | 1955 ||| Stepping ~*~*~tactically~*~*~ (hiding).
  1972 | D:2      | Noticed Robin
  1973 | D:2      | 1973 ||| Stepping ~*~*~tactically~*~*~ (stealth).
  1989 | D:2      | Reached XP level 6. HP: 35/35 MP: 10/10
  1999 | D:2      | 1999 ||| Stepping ~*~*~tactically~*~*~ (hiding).
  2011 | D:2      | Killed Robin
  2333 | D:2      | 2333 ||| DROPPING +0 club.
  2344 | D:2      | 2344 ||| Stepping ~*~*~tactically~*~*~ (stealth).
  2444 | D:2      | Reached skill level 7 in Axes
  2677 | D:2      | 2677 ||| READING 2 scrolls labelled CEUNYIM TILUAL.
  2691 | D:3      | 2691 ||| Stepping ~*~*~tactically~*~*~ (stealth).
  2693 | D:3      | 2693 ||| Stepping ~*~*~tactically~*~*~ (stealth).
  2697 | D:3      | 2697 ||| Stepping ~*~*~tactically~*~*~ (stealth).
  2704 | D:3      | 2704 ||| Stepping ~*~*~tactically~*~*~ (stealth).
  2705 | D:3      | 2705 ||| Stepping ~*~*~tactically~*~*~ (stealth).
  2706 | D:3      | 2706 ||| Stepping ~*~*~tactically~*~*~ (hiding).
  2919 | D:3      | Reached skill level 3 in Fighting
  3449 | D:3      | Found a faded altar of an unknown god.
  3559 | D:3      | 3559 ||| READING scroll labelled VUCSIT GOKKY.
  3560 | D:3      | 3560 ||| READING scroll labelled SEMOHOBBAZ.
  3564 | D:3      | 3564 ||| DRINKING 2 fizzy amethyst potions.
  3565 | D:3      | 3565 ||| READING 4 scrolls of identify.
  3565 | D:3      | 3565 ||| IDENTIFYING brown potion
  3566 | D:3      | 3566 ||| READING 3 scrolls of identify.
  3566 | D:3      | 3566 ||| IDENTIFYING fizzy cyan potion
  3567 | D:3      | 3567 ||| READING 2 scrolls of identify.
  3567 | D:3      | 3567 ||| IDENTIFYING coppery potion
  3568 | D:3      | 3568 ||| DROPPING potion of magic.
  3603 | D:4      | Reached XP level 7. HP: 41/41 MP: 11/11
  3626 | D:4      | 3626 ||| Stepping ~*~*~tactically~*~*~ (hiding).
  3658 | D:4      | 3658 ||| Stepping ~*~*~tactically~*~*~ (stealth).
  3659 | D:4      | 3659 ||| Stepping ~*~*~tactically~*~*~ (stealth).
  3667 | D:4      | HP: 10/41 [hound (2)]
  3673 | D:4      | Reached skill level 8 in Axes
  4067 | D:4      | 4067 ||| Stepping ~*~*~tactically~*~*~ (stealth).
  4070 | D:4      | 4070 ||| Stepping ~*~*~tactically~*~*~ (stealth).
  4087 | D:4      | 4087 ||| SWAPPING to +0 war axe.
  4092 | D:4      | 4092 ||| DROPPING +0 hand axe.
  4096 | D:4      | 4096 ||| Stepping ~*~*~tactically~*~*~ (stealth).
  4098 | D:4      | 4098 ||| Stepping ~*~*~tactically~*~*~ (hiding).
  4099 | D:4      | 4099 ||| Stepping ~*~*~tactically~*~*~ (hiding).
  4174 | D:4      | 4174 ||| Stepping ~*~*~tactically~*~*~ (stealth).
  4197 | D:4      | Reached skill level 3 in Armour
  4506 | D:4      | Found a staircase to the Ecumenical Temple.
  4507 | D:4      | 4507 ||| PLANNING TEMPLE
  4507 | D:4      | 4507 ||| UPGRADING to ring of see invisible.
  4508 | D:4      | 4508 ||| READING scroll labelled YVAS GAIBU.
  4509 | D:4      | 4509 ||| READING 3 scrolls labelled KEGUITA LOILEL.
  4510 | D:4      | 4510 ||| READING 3 scrolls of identify.
  4510 | D:4      | 4510 ||| IDENTIFYING golden potion
  4511 | D:4      | 4511 ||| READING 2 scrolls of identify.
  4511 | D:4      | 4511 ||| IDENTIFYING viscous purple potion
  4512 | D:4      | 4512 ||| DROPPING potion of brilliance.
  4513 | D:4      | 4513 ||| DROPPING potion of flight.
  4514 | D:4      | 4514 ||| DROPPING 2 scrolls of fear.
  4520 | Temple   | Entered the Ecumenical Temple
  4616 | Temple   | 4616 ||| PLANNING D:1-11
  4861 | D:4      | 4861 ||| READING 2 scrolls of identify.
  4861 | D:4      | 4861 ||| IDENTIFYING fuming amethyst potion
  4862 | D:4      | 4862 ||| DROPPING potion of attraction.
  4894 | D:5      | Entered Level 5 of the Dungeon
  5163 | D:5      | Found an iron altar of Okawaru.
  5164 | D:5      | 5164 ||| Stepping ~*~*~tactically~*~*~ (hiding).
  5175 | D:5      | 5175 ||| DRINKING 3 potions of curing.
  5175 | D:5      | 5175 ||| (to cure confusion)
  5186 | D:5      | 5186 ||| Stepping ~*~*~tactically~*~*~ (stealth).
  5225 | D:5      | HP: 8/41 [ogre/+0 giant club (8)]
  5229 | D:5      | Reached skill level 9 in Axes
  5229 | D:5      | Reached XP level 8. HP: 10/46 MP: 12/12
  5472 | D:5      | Became a worshipper of Warmaster Okawaru
  5473 | D:5      | Identified the +6 hand axe "Nuonast" {freeze, rC+}
  5475 | D:5      | 5475 ||| DROPPING +6 hand axe "Nuonast" {freeze, rC+}.
  5486 | D:5      | 5486 ||| DROPPING +0 whip.
  5511 | D:5      | 5511 ||| Stepping ~*~*~tactically~*~*~ (stealth).
  5522 | D:5      | HP: 9/46 [ogre/+0 giant spiked club (25)]
  5526 | D:5      | Reached skill level 3 in Dodging
  5956 | D:5      | Found an ornate altar of the Wu Jian Council.
  6098 | D:5      | You are sucked into a shaft and drop 3 floors!
  6100 | D:8      | Noticed a cyclops
  6114 | D:8      | HP: 1/46 [cyclops (16)]
  6117 | D:8      | Killed a cyclops
  6422 | D:8      | 6422 ||| READING 2 scrolls of identify.
  6422 | D:8      | 6422 ||| IDENTIFYING orange potion
  6444 | D:7      | Reached * piety under Okawaru
  6728 | D:6      | Found a glowing golden altar of the Shining One.
  6728 | D:6      | Found a basalt altar of Yredelemnul.
  6731 | D:6      | Found a radiant altar of Vehumet.
  6842 | D:7      | 6842 ||| INVOKING Heroism.
  6850 | D:7      | Reached skill level 10 in Axes
  6852 | D:7      | Reached XP level 9. HP: 15/54 MP: 11/13
  6852 | D:7      | HP: 11/54 [poisoned by a killer bee]
  6854 | D:7      | HP: 3/54 [poisoned by a killer bee]
  6855 | D:7      | Succumbed to a killer bee's poison

Levels and vault maps discovered:
D:1:      onia_arrival_handbag, layout_basic, minmay_tromino_v4_b
D:2:      layout_basic, nicolae_concentric_dashed_squares_mild,
          kennysheep_pointless_box, uniq_robin, uniq_sigmund
D:3:      layout_loops_ring, shapermc_ecumenical_altar_pompeii,
          minmay_quadrilaterals
D:4:      layout_rooms, minmay_temple_entry_fiery
D:5:      layout_cave_pods, okawaru_ov_weapons_minmay,
          nicolae_overflow_crystal_walls, serial_shops, shop,
          roderic_st_hans_cross, minmay_fountain_box, reono_crystal_passage
D:6:      layout_loops_ring, mainiacjoe_overflow_boulevard,
          nicolae_overflow_hidden_temple
D:7:      layout_basic, lemuel_tele_altar
D:8:      layout_loops_ring, ebering_ghost_reflecting_pool, uniq_maggie
Temple:   jpeg_temple_clearing

Skill      XL: |  1  2  3  4  5  6  7  8 |
---------------+-------------------------+-----
Axes           | 3 6 7 9 10 | 10.6
Fighting       | 3 5 |  5.6
Armour         | 3 |  3.0
Dodging        | 3 |  3.2
Throwing       | |  1.0
Spellcasting   | |  2.0
Translocations | |  2.4
Invocations    | |  0.5

Action                   |  1- 3 |  4- 6 |  7- 9 || total
-------------------------+-------+-------+-------++-------
Melee: Hand axe          |    81 |   109 |    45 ||   235
       Kick              |    17 |    24 |    42 ||    83
       Peck              |    10 |    14 |    28 ||    52
       Punch             |       |     2 |     1 ||     3
       War axe           |       |       |   102 ||   102
Throw: Boomerang         |     7 |    19 |     2 ||    28
Invok: Heroism           |       |       |     1 ||     1
  Use: Scroll            |     4 |     6 |     6 ||    16
       Potion            |       |     1 |     1 ||     2
Armor: Leather armour    |    12 |       |       ||    12
       Scale mail        |     6 |    30 |    45 ||    81
Dodge: Dodged            |    40 |    45 |   100 ||   185

Table legend:
 A = Non-vault XP
 B = Vault XP
 C = Vault XP percentage of total XP
 D = Non-vault monster count
 E = Vault monster count
 F = Vault count percentage of total count
                 A         B        C        D         E       F
            +---------+---------+-------+---------+---------+-------
      Total |    2315 |     282 |  10.9 |     111 |      25 |  18.4
            +---------+---------+-------+---------+---------+-------
        D:1 |      54 |       9 |  14.3 |      25 |       6 |  19.4
        D:2 |      58 |     264 |  82.0 |      23 |      14 |  37.8
        D:3 |     111 |       9 |   7.5 |      16 |       5 |  23.8
        D:4 |     400 |       0 |   0.0 |      27 |       0 |   0.0
        D:5 |     482 |       0 |   0.0 |      10 |       0 |   0.0
        D:7 |     660 |       0 |   0.0 |       9 |       0 |   0.0
        D:8 |     550 |       0 |   0.0 |       1 |       0 |   0.0
            +---------+---------+-------+---------+---------+-------
